 Dungeon Crawl Stone Soup version 0.22-a0-362-g535178c (webtiles) character file.

79 Amnesiac the Grave Robber (level 4, -7/30 HPs)
             Began as a Mummy Necromancer on Apr 20, 2018.
             Mangled by an ogre
             ... wielding a +0 giant spiked club
              (18 damage)
             ... on level 4 of the Dungeon.
             The game lasted 00:02:05 (980 turns).

Amnesiac the Grave Robber (Mummy Necromancer)        Turns: 980, Time: 00:02:06

Health: -7/30      AC:  2    Str: 11    XL:     4   Next: 17%
Magic:  2/8        EV: 12    Int: 15    God:
Gold:   24         SH:  0    Dex: 12    Spells: 5/9 levels left

rFire    x . .     SeeInvis .   b - +0 mace
rCold    + . .     Gourm    .   (no shield)
rNeg     + + +     Faith    .   a - +0 robe
rPois    ∞         Spirit   .   (no helmet)
rElec    .         Reflect  .   (no cloak)
rCorr    .         Harm     .   (no gloves)
MR       .....                  (no boots)
Stlth    ++........             (no amulet)
HPRegen  0.10/turn              (no ring)
MPRegen  0.11/turn              (no ring)

@: no status effects
A: no food or potions, fire vulnerability, cold resistance 1, negative energy
resistance 3, torment resistance, unbreathing
a: no special abilities


You were on level 4 of the Dungeon.
You were not hungry.

You visited 1 branch of the dungeon, and saw 4 of its levels.

You collected 24 gold pieces.

Inventory:

Hand Weapons
 b - a +0 mace (weapon)
Missiles
 d - 3 tomahawks of returning (quivered)
 e - 21 stones
Armour
 a - a +0 robe (worn)
 g - a +2 ring mail of fire resistance
Scrolls
 c - a scroll of teleportation {!r, unknown}
 f - a scroll of identify {!r, unknown}


   Skills:
 - Level 1.5 Dodging
 - Level 1.5 Stealth
 - Level 3.0 Spellcasting
 * Level 5.6 Necromancy


You had 5 spell levels left.
You knew the following spells:

 Your Spells              Type           Power        Failure   Level  Hunger
a - Pain                  Necr           ###.         1%          1    N/A
d - Vampiric Draining     Necr           ###.......   6%          3    N/A

Dungeon Overview and Level Annotations

Branches:
Dungeon (4/15)
 Temple: D:4-7

Altars:
Yredelemnul


Innate Abilities, Weirdness & Mutations

You do not eat or drink.
Your flesh is vulnerable to fire.
You are immune to poison.
Your flesh is cold resistant. (rC+)
You are immune to negative energy. (rN+++)
You are immune to unholy pain and torment.
You can survive without breathing.


Message History

You hit the orc but do no damage.
The orc is severely wounded.
The orc closely misses you. The hound bites you. The orc barely misses you.
The hound closely misses you.
You hit the orc.
You kill the orc!
The hound bites you. The hound completely misses you.
You see here a shiny ring mail.
g - a shiny ring mail The hound bites you.
The hound misses you.
You barely miss the hound. The hound bites you. x2
* * * LOW HITPOINT WARNING * * *
You hit the hound.
The hound is lightly wounded.
The hound closely misses you. The hound bites you.
* * * LOW HITPOINT WARNING * * *
Casting: Vampiric Draining (safe; 7% risk of failure)
Confirm with . or Enter, or press ? or * to list all spells.
Aiming: Vampiric Draining (safe; 7% risk of failure)
Press: ? - help, Shift-Dir - straight line, f - hound
Aim: a hound (lightly wounded)
The hound is heavily wounded.
You feel life coursing into your body. The hound bites you.
* * * LOW HITPOINT WARNING * * *
The hound misses you.
An orc comes into view. It is wielding a club.
Casting: Vampiric Draining (safe; 7% risk of failure)
Confirm with . or Enter, or press ? or * to list all spells.
Aiming: Vampiric Draining (safe; 7% risk of failure)
Press: ? - help, Shift-Dir - straight line, f/p - hound
Aim: a hound (heavily wounded)
The hound is almost dead.
You feel life coursing into your body.
The orc shouts!
The hound misses you.
Casting: Vampiric Draining (safe; 7% risk of failure)
Confirm with . or Enter, or press ? or * to list all spells.
You don't have enough magic to cast that spell.
Casting: Vampiric Draining (safe; 7% risk of failure)
Confirm with . or Enter, or press ? or * to list all spells.
Aiming: Pain (safe; 2% risk of failure)
Press: ? - help, Shift-Dir - straight line, f/p - hound
Aim: a hound (almost dead, chance to defeat MR: 82%)
The hound writhes in agony!
You kill the hound!
You have reached level 4!
Found a ring mail.
You hit the orc.
The orc is severely wounded.
The orc hits you with a falchion.
* * * LOW HITPOINT WARNING * * *
Casting: Pain (safe; 1% risk of failure)
Confirm with . or Enter, or press ? or * to list all spells.
Aiming: Pain (safe; 1% risk of failure)
Press: ? - help, Shift-Dir - straight line, f - orc
Aim: an orc, wielding a falchion and wearing a leather armour (severely wounded, chance to defeat MR: 89%)
The orc writhes in agony!
You kill the orc!
You see here a ring mail.
An ogre comes into view. It is wielding a giant spiked club.
The ogre shouts!
The ogre hits you with a giant spiked club!!
Ouch! That really hurt!
You die...

########## #..!.....###
..######...#### ### ###....##
###...# ##### #...## #...
##...###########.#
#...@Oo...).....# #
##..#####.#####[###.# #..#
#.#####.....# #♣♣♣# #.##
#.##......### #♣⌠.⌠♣#
..######.##......# ♣♣♣♣♣.._..♣
..................#
..........♣#..........##.........
..........♣#....########......###
..........♣ ####...#


You could see an ogre and an orc.

Vanquished Creatures
  A hound (D:4)
  2 adders
  A worm (D:1)
  2 orcs (D:4)
  2 bats (D:1)
  2 giant cockroaches
  2 goblins
  6 hobgoblins
  A frilled lizard (D:2)
  5 kobolds
  4 rats
28 creatures vanquished.

Notes
Turn   | Place    | Note
-------+----------+-------------------------------------------
     0 | D:1      | Amnesiac the Mummy Necromancer began the quest for the Orb.
     0 | D:1      | Reached XP level 1. HP: 13/13 MP: 4/4
   137 | D:1      | Reached XP level 2. HP: 16/19 MP: 0/6
   412 | D:1      | Reached skill level 5 in Necromancy
   412 | D:1      | Reached XP level 3. HP: 6/24 MP: 0/7
   417 | D:1      | Learned a level 3 spell: Vampiric Draining
   896 | D:4      | Found a basalt altar of Yredelemnul.
   952 | D:4      | Reached XP level 4. HP: 10/30 MP: 0/8
   967 | D:4      | Noticed an ogre
   980 | D:4      | Mangled by an ogre

Vault maps used:
D:1:      dpeg_arrival_tiny_g
D:2:      chequers_temple_overflow_statue_of_worship,
          nemelex_xobeh_ov_fountains_minmay, minmay_misc_feat_pillars,
          minmay_distorted, uniq_sigmund
D:3:      nicolae_qazlal_general_emergency, first_ration, kennysheep_orc_chapel
D:4:      kennysheep_ying_yang, lemuel_round_altar

Skill      XL: |  1  2 |
---------------+-------+-----
Spellcasting   | 3 |  3.0
Necromancy     | 5 |  5.6
Dodging        | |  1.5
Stealth        | |  1.5

Action                   |  1- 3 |  4- 6 || total
-------------------------+-------+-------++-------
Melee: Unarmed           |     6 |       ||     6
       Mace              |    35 |     1 ||    36
Throw: Tomahawk          |     2 |       ||     2
 Cast: Pain              |    33 |     2 ||    35
       Vampiric Draining |     5 |       ||     5
 Stab: Sleeping          |     2 |       ||     2
Armor: Robe              |     6 |       ||     6
Dodge: Dodged            |    51 |       ||    51

Table legend:
 A = Spawn XP
 B = Non-spawn XP
 C = Spawn XP percentage of total XP
 D = Spawn monster count
 E = Non-spawn monster count
 F = Spawn count percentage of total count
 G = Total turns spent on level
                    A         B        C        D         E        F      G
               +---------+---------+-------+---------+---------+-------+---------
         Total |       0 |     114 |   0.0 |       0 |      28 |   0.0 |   980
               +---------+---------+-------+---------+---------+-------+---------
           D:1 |       0 |      32 |   0.0 |       0 |      11 |   0.0 |   459
           D:2 |       0 |      24 |   0.0 |       0 |       8 |   0.0 |   290
           D:3 |       0 |      10 |   0.0 |       0 |       6 |   0.0 |   117
           D:4 |       0 |      48 |   0.0 |       0 |       3 |   0.0 |   114
               +---------+---------+-------+---------+---------+-------+---------
